 Dungeon Crawl Stone Soup version 0.22.1-1-ga44c0e56f4 (webtiles) character file.

28 CaptainPlanet the Firebug (level 2, -2/20 HPs)
             Began as a Demigod Fire Elementalist on Oct 8, 2018.
             Slain by an adder (3 damage)
             ... on level 2 of the Dungeon.
             The game lasted 00:12:04 (1868 turns).

CaptainPlanet the Firebug (DgFE)                    Turns: 1868, Time: 00:12:05

Health: -2/20      AC:  2    Str: 14    XL:     2   Next: 78%
Magic:  1/7        EV: 13    Int: 19    God:
Gold:   66         SH:  0    Dex: 21    Spells: 4/5 levels left

rFire    . . .     SeeInvis .   b - +0 spear
rCold    . . .     Gourm    .   (no shield)
rNeg     . . .     Faith    .   a - +0 robe
rPois    .         Spirit   .   (no helmet)
rElec    .         Reflect  .   (no cloak)
rCorr    .         Harm     .   (no gloves)
MR       .....                  (no boots)
Stlth    ++........             (no amulet)
HPRegen  0.06/turn              e - +3 ring of strength
MPRegen  0.10/turn              h - +5 ring of dexterity

@: lethally poisoned (-2 -> -5), very slightly contaminated
A: high mp 1
a: no special abilities


You were on level 2 of the Dungeon.
You were not hungry.

You visited 1 branch of the dungeon, and saw 2 of its levels.

You collected 66 gold pieces.

Inventory:

Hand Weapons
 b - a +0 spear (weapon)
 f - a +0 club
Armour
 a - a +0 robe (worn)
 j - a +0 chain mail
Jewellery
 e - a +3 ring of strength (left hand)
 h - a +5 ring of dexterity (right hand)
Comestibles
 c - 2 rations
 i - 3 chunks of flesh


   Skills:
 + Level 2.0 Dodging
 + Level 2.2 Stealth
 + Level 0.3 Unarmed Combat
 + Level 2.1 Spellcasting
 + Level 1.1 Conjurations
 + Level 3.0 Fire Magic


You had 4 spell levels left.
You knew the following spells:

 Your Spells              Type           Power        Failure   Level  Hunger
a - Flame Tongue          Conj/Fire      #....        7%          1    #......

Your spell library contained the following spells:

 Spells                   Type           Power        Failure   Level  Hunger
 Throw Flame              Conj/Fire      #.....       11%         2    ##.....
 Conjure Flame            Conj/Fire      #.......     22%         3    ###....
 Inner Flame              Hex/Fire       #.......     26%         3    ###....
 Sticky Flame             Conj/Fire      #.......     56%         4    #####..
 Fireball                 Conj/Fire      #.........   89%         5    ######.


Dungeon Overview and Level Annotations

Branches:
Dungeon (2/15)


Innate Abilities, Weirdness & Mutations

You have an increased reservoir of magic. (+10% MP)


Message History

You miscast Flame Tongue.
Nothing appears to happen.
The adder bites you.
Casting: Flame Tongue (safe; 7% risk of failure)
Confirm with . or Enter, or press ? or * to list all spells.
Aiming: Flame Tongue (safe; 7% risk of failure)
Press: ? - help, Shift-Dir - straight line, f/p - adder
Aim: an adder (moderately wounded)
The flame tongue misses the adder.
You feel sick. The adder closely misses you. The adder bites you.
* * * LOW HITPOINT WARNING * * *
Casting: Flame Tongue (safe; 7% risk of failure)
Confirm with . or Enter, or press ? or * to list all spells.
Aiming: Flame Tongue (safe; 7% risk of failure)
Press: ? - help, Shift-Dir - straight line, f/p - adder
Aim: an adder (moderately wounded)
The flame tongue misses the adder.
The adder bites you.
* * * LOW HITPOINT WARNING * * *
* * * LOW HITPOINT WARNING * * *
You feel sick. The adder bites you.
You die...

######### #######
#.......# #.....#
#.......#######.....###.
#.................†.....
##.....@S...............
#.#.##########...(.####
#.#.# #.....# #.#.#
#.....# #.#.#
####.....##.# #.#>.
............. #.###
##.......##.# #.#
........... # #.#
......##......


You could see an adder.

Vanquished Creatures
  An adder (D:2)
  A ball python (D:1)
  2 bats (D:1)
  2 giant cockroaches
  3 goblins
  3 hobgoblins
  A quokka (D:2)
  3 kobolds
  A plant (D:1)
17 creatures vanquished.

Notes
Turn   | Place    | Note
-------+----------+-------------------------------------------
     0 | D:1      | CaptainPlanet the Demigod Fire Elementalist began the quest
                  | for the Orb.
     0 | D:1      | Reached XP level 1. HP: 14/14 MP: 5/5
  1523 | D:1      | Reached XP level 2. HP: 20/20 MP: 5/7
  1746 | D:2      | Reached skill level 1 in Conjurations
  1798 | D:2      | Reached skill level 3 in Fire Magic
  1867 | D:2      | HP: 1/20 [poisoned by an adder]
  1868 | D:2      | Slain by an adder

Skill      XL: |  1  2 |
---------------+-------+-----
Spellcasting   | 2 |  2.1
Stealth        | 2 |  2.2
Dodging        | 2 |  2.0
Conjurations   | 1 |  1.1
Fire Magic     | 3 |  3.0
Unarmed Combat | |  0.3

Action                   || total
-------------------------++-------
Melee: Unarmed           ||   221
       Spear             ||     4
 Cast: Flame Tongue      ||    30
  Use: Scroll            ||     3
       Potion            ||     2
 Stab: Sleeping          ||     1
  Eat: Chunk             ||     2
       Ration            ||     1
Armor: Robe              ||    14
Dodge: Dodged            ||    46
